 Dungeon Crawl Stone Soup version 0.31-a0-960-g0fca184906 (webtiles) character file.

Game seed: 12897658882550240389

7170 gruber the Grappler (level 11, 0/90 HPs)
             Began as a Ghoul Monk on Oct 22, 2023.
             Was a High Priest of Makhleb.
             Hit by a silver javelin thrown by Urug (16 damage)
             ... on level 10 of the Dungeon.
             The game lasted 00:13:29 (9088 turns).

gruber the Grappler (Ghoul Monk)                    Turns: 9088, Time: 00:13:30

Health: 0/90       AC: 13    Str: 20    XL:     11   Next: 11%
Magic:  14/14      EV: 12    Int:  5    God:    Makhleb [*****.]
Gold:   429        SH: 12    Dex: 11    Spells: 10/10 levels left

rFire   . .          .
                       - Unarmed
rCold   + . .        A - +2 buckler {rPois}
rNeg    + + +        H - +0 acid dragon scales
rPois   ∞            o - +0 helmet
rElec   .            I - +2 cloak {rPois}
rCorr   +            p - +0 pair of gloves
SInv    +            (no boots)
Will    .....        t - amulet of reflection
Stlth   +            D - ring of resist corrosion
HPRegen 0.00/turn    x - ring of see invisible
MPRegen 0.14/turn

%: reflection
@: inhibited regen
A: claws 1, cold resistance 1, negative energy resistance 3, inhibited
regeneration, torment resistance 2, devour on kill
a: Renounce Religion, Minor Destruction, Lesser Servant of Makhleb, Major
Destruction, Greater Servant of Makhleb


You were on level 10 of the Dungeon.
You worshipped Makhleb.
Makhleb was extremely pleased with you.
You visited 2 branches of the dungeon, and saw 11 of its levels.

You collected 453 gold pieces.
You spent 24 gold pieces at shops.

Inventory:

Missiles
 z - 2 curare-tipped darts
Armour
 o - a +0 helmet (worn)
 p - a +0 pair of gloves (worn)
 s - a +2 kite shield
 A - a +2 buckler of poison resistance (worn)
 H - +0 acid dragon scales (worn)
 I - a +2 cloak of poison resistance (worn)
 J - a +2 scale mail of fire resistance
Jewellery
 e - a +6 ring of intelligence
 t - an amulet of reflection (around neck)
 x - a ring of see invisible (right hand)
 D - a ring of resist corrosion (left hand)
Wands
 a - a wand of acid (3)
 m - a wand of flame (30)
 n - a wand of charming (10)
 F - a wand of roots (18)
Scrolls
 c - 2 scrolls of fog {unknown}
 h - a scroll of vulnerability {unknown}
 i - a scroll of fear {unknown}
 j - 2 scrolls of blinking {unknown}
 k - a scroll of immolation
 r - 5 scrolls of teleportation {unknown}
 u - a scroll of summoning {unknown}
 v - 3 scrolls of enchant armour {unknown}
 y - a scroll of noise {unknown}
 C - 2 scrolls of poison {unknown}
 G - 3 scrolls of identify
Potions
 b - 3 potions of ambrosia
 d - 2 potions of haste
 f - a potion of cancellation
 g - 2 potions of heal wounds
 l - 2 potions of might
 q - 3 potions of enlightenment
 w - 2 potions of brilliance {unknown}
 B - 2 potions of curing {unknown}
 E - 2 potions of attraction {unknown}


   Skills:
 * Level 6.3 Fighting
 - Level 5.0 Armour
 - Level 5.1 Dodging
 - Level 5.0 Shields
 - Level 13.0 Unarmed Combat
 - Level 6.3 Invocations


You had 10 spell levels left.
You didn't know any spells.
Your spell library contained the following spells:

 Spells                   Type           Power      Damage    Failure   Level
 Apportation              Tloc           0%         N/A       63%         1
 Foxfire                  Conj/Fire      0%         2x1d4     63%         1
 Necrotise                Necr           0%         1d4       63%         1
 Sandblast                Erth           0%         2d4       63%         1
 Summon Small Mammal      Summ           0%         N/A       63%         1
 Cigotuvi's Dreadful Rot  Necr/Pois/Air  0%         N/A       77%         2
 Ensorcelled Hibernation  Hex/Ice        0%         N/A       77%         2
 Jinxbite                 Hex            0%         N/A       77%         2
 Lesser Beckoning         Tloc           0%         N/A       77%         2
 Passwall                 Tmut/Erth      0%         N/A       77%         2
 Static Discharge         Conj/Air       0%         3-3/arc   77%         2
 Gell's Gravitas          Tloc           0%         N/A       94%         3
 Ignite Poison            Fire/Tmut/Pois 0%         N/A       94%         3
 Stone Arrow              Conj/Erth      0%         3d7       94%         3
 Summon Guardian Golem    Hex/Summ       0%         N/A       94%         3
 Teleport Other           Tloc           0%         N/A       94%         3
 Volatile Blastmotes      Fire/Tloc      0%         2d10      94%         3
 Airstrike                Air            0%         2d(0-16)  100%        4
 Anguish                  Hex/Necr       0%         N/A       100%        4
 Brom's Barrelling Bould  Conj/Erth      0%         2d3       100%        4
 Fulminant Prism          Conj/Hex       0%         3d5       100%        4
 Iskenderun's Mystic Bla  Conj/Tloc      0%         2d3       100%        4
 Summon Lightning Spire   Summ/Air       0%         N/A       100%        4
 Freezing Cloud           Conj/Ice/Air   0%         6-21      100%        5
 Plasma Beam              Fire/Air       0%         2x1d10    100%        6
 Starburst                Conj/Fire      0%         6d3       100%        6
 Orb of Destruction       Conj           0%         9d5       100%        7
 Spellforged Servitor     Conj/Summ      0%         N/A       100%        7


Dungeon Overview and Level Annotations

Branches:
Dungeon (10/15)            Temple (1/1) D:4
   Lair: D:8-11         Orc: D:9-12

Altars:
Ashenzari
Cheibriados
Dithmenos
Gozag
Hepliaklqana
Kikubaaqudgha
Makhleb
Nemelex Xobeh
Okawaru
Qazlal
Ru
Sif Muna
Trog
Uskayaw
Wu Jian
Xom
Yredelemnul

Shops:
D:1 [   D:6 ?[   D:7 *

Annotations:
D:2 1 runed translucent door, Crazy Yiuf
D:10 Urug


Innate Abilities, Weirdness & Mutations

You are immune to poison.
You have sharp fingernails.
Your flesh is cold resistant. (rC+)
You are immune to negative energy. (rN+++)
You do not regenerate when monsters are visible.
You are immune to unholy pain and torment.
You thrive by killing the living.


Message History

Urug is heavily wounded.
Urug hits you with a +4 scimitar!!
You hit Urug but do no damage.
Urug is heavily wounded.
Your neqoxec barely misses Urug.
You closely miss Urug.
Urug is heavily wounded.
Urug hits you with a +4 scimitar!
Your neqoxec barely misses Urug.
You pummel Urug!!
Urug is severely wounded.
Urug hits you with a +4 scimitar!
* * * LOW HITPOINT WARNING * * *
Your neqoxec hits Urug but does no damage.
Unknown command.
Unknown command.
Urug hits your neqoxec with a +4 scimitar!!
Your neqoxec hits Urug!
Unknown command.
Unknown command.
Urug screams at your neqoxec, "Damn your eyes!"
Urug hits your neqoxec with a +4 scimitar!!
Your neqoxec dies!
Your neqoxec disappears in a puff of smoke!
Unknown command.
Unknown command.
Aiming: Minor Destruction (1% risk of failure)
Press: ? - help, Shift-Dir - straight line, f - Urug
Aim: Urug, wielding a +4 scimitar, wearing a +0 chain mail and quivering silver javelins (almost dead, unaware, hasn't noticed you)
The puff of flame hits Urug.
Urug is almost dead.
Urug shouts!
Urug throws a silver javelin.
The silver javelin barely misses you.
Unknown command.
Aiming: Minor Destruction (1% risk of failure)
Press: ? - help, Shift-Dir - straight line, f/p - Urug
Aim: Urug, wielding a +4 scimitar, wearing a +0 chain mail and quivering silver javelins (almost dead) Urug writhes in agony.
Urug throws a silver javelin.
The silver javelin pierces through you!
You die...
Urug screams, "Revenge at last!"

#......##..............
##.#....>.........#.####
#.#.......####.#.#....#
# #.......# #.#......##
#.......# #.#.......#.
############...≈≈.≈≈...
#...o...≈.≈....
#..§..≈.....≈..
#@....≈≈...≈≈..
#........_.....
#####.≈≈...≈≈..
#.≈.....≈.. #...≈.≈...#
#..≈≈.≈≈..# #.........#
#.........# #..........


You could see Urug.

Vanquished Creatures
  Maurice (D:9)
  An unseen horror (D:5)
  2 shadows
  A wyvern (D:9)
  A steam dragon (D:6)
  Edmund (D:5)
  8 water moccasins
  2 acid dragons (D:9)
  Duvessa (D:5)
  2 orc warriors
  An ice beast (D:5)
  3 ogres
  A sky beast (D:7)
  3 centaurs
  2 phantoms
  6 kobold brigands
  4 bullfrogs
  6 scorpions
  3 wights (D:9)
  Dowan (D:5)
  2 howler monkeys
  6 hounds
  5 jellies
  2 gnoll boudas (D:5)
  5 orc priests
  9 iguanas
  2 sleepcaps (D:5)
  Ijyb (D:4)
  2 orc wizards
  26 gnolls
  9 adders
  5 white imps
  A worm (D:2)
  4 dart slugs
  47 orcs
  7 ball pythons
  6 bats
  9 endoplasms
  2 giant cockroaches
  10 goblins
  8 hobgoblins
  12 jackals (D:4)
  10 kobolds
  5 quokkas
  2 frilled lizards
  6 rats
253 creatures vanquished.

Vanquished Creatures (collateral kills)
  A two-headed ogre (D:7)
  A kobold demonologist (D:9)
  A kobold brigand (D:9)
3 creatures vanquished.

Grand Total: 256 creatures vanquished

Notes
Turn   | Place    | Note
-------+----------+-------------------------------------------
     0 | D:1      | gruber the Ghoul Monk began the quest for the Orb.
     0 | D:1      | Reached XP level 1. HP: 19/19 MP: 0/0
   118 | D:1      | Reached skill level 4 in Unarmed Combat
   118 | D:1      | Reached XP level 2. HP: 20/26 MP: 1/1
   168 | D:1      | Found Ickaum's Antique Armour Emporium.
   251 | D:1      | Reached XP level 3. HP: 31/31 MP: 2/2
   596 | D:2      | Reached skill level 5 in Unarmed Combat
   677 | D:2      | Found a runed translucent door.
   678 | D:2      | Noticed Crazy Yiuf
   701 | D:2      | Found a faded altar of an unknown god.
   999 | D:2      | Reached XP level 4. HP: 38/38 MP: 3/3
  2318 | D:3      | Noticed an ogre
  2331 | D:3      | Reached skill level 6 in Unarmed Combat
  2349 | D:3      | Killed an ogre
  2350 | D:3      | Reached XP level 5. HP: 18/45 MP: 4/4
  2878 | D:4      | Found a staircase to the Ecumenical Temple.
  2885 | D:4      | Reached skill level 7 in Unarmed Combat
  2885 | D:4      | Reached XP level 6. HP: 41/51 MP: 5/5
  2948 | Temple   | Found a transporter.
  2948 | Temple   | Found a transporter.
  2948 | Temple   | Found a transporter.
  2948 | Temple   | Found a transporter.
  2948 | Temple   | Entered the Ecumenical Temple
  2969 | Temple   | Became a worshipper of Makhleb the Destroyer
  2969 | Temple   | Reached * piety under Makhleb
  2969 | Temple   | Reached ** piety under Makhleb
  3194 | D:4      | Reached skill level 8 in Unarmed Combat
  3368 | D:4      | Reached XP level 7. HP: 53/57 MP: 6/6
  3585 | D:4      | Found a shimmering blue altar of Sif Muna.
  3621 | D:4      | Found a shimmering altar of Xom.
  3875 | D:4      | Noticed Ijyb
  3907 | D:4      | Reached *** piety under Makhleb
  3913 | D:4      | Killed Ijyb
  3914 | D:4      | Reached skill level 9 in Unarmed Combat
  3988 | D:4      | Reached skill level 5 in Fighting
  4047 | D:4      | Reached XP level 8. HP: 67/69 MP: 7/7
  4198 | D:5      | Entered Level 5 of the Dungeon
  4207 | D:5      | Reached skill level 1 in Invocations
  4258 | D:5      | Noticed Dowan
  4259 | D:5      | Noticed Duvessa
  4274 | D:5      | Killed Duvessa
  4290 | D:5      | Killed Dowan
  4720 | D:5      | Noticed Edmund
  4732 | D:5      | Killed Edmund
  4733 | D:5      | Reached skill level 5 in Invocations
  4795 | D:5      | Noticed an unseen horror
  5006 | D:5      | Reached skill level 1 in Shields
  5103 | D:5      | Reached **** piety under Makhleb
  5108 | D:5      | Reached XP level 9. HP: 75/75 MP: 12/12
  5137 | D:5      | Killed an unseen horror
  5178 | D:5      | Reached skill level 5 in Shields
  5220 | D:5      | Reached skill level 1 in Armour
  5959 | D:6      | Reached skill level 5 in Armour
  6191 | D:6      | Found Osaut's Magic Scroll Boutique.
  6197 | D:6      | Bought a scroll of identify for 24 gold pieces
  6345 | D:6      | Found Geimom's Antique Armour Shop.
  6402 | D:6      | Reached XP level 10. HP: 81/83 MP: 13/13
  6467 | D:7      | Reached ***** piety under Makhleb
  6501 | D:7      | Reached skill level 5 in Dodging
  6536 | D:7      | Found Pafa's Assorted Antiques.
  6537 | D:7      | Noticed a two-headed ogre
  6551 | D:7      | Killed a two-headed ogre
  6558 | D:7      | Reached skill level 10 in Unarmed Combat
  7738 | D:8      | Reached skill level 11 in Unarmed Combat
  8381 | D:9      | Noticed Maurice
  8386 | D:9      | Maurice stole a +6 ring of intelligence
  8401 | D:9      | Killed Maurice
  8402 | D:9      | Reached skill level 12 in Unarmed Combat
  8450 | D:9      | Noticed a kobold demonologist
  8453 | D:9      | Noticed an orange demon
  8467 | D:9      | Killed a kobold demonologist
  8473 | D:9      | Reached XP level 11. HP: 40/89 MP: 14/14
  8723 | D:9      | Reached skill level 13 in Unarmed Combat
  8977 | D:10     | Entered Level 10 of the Dungeon
  9043 | D:10     | Found a bloodstained altar of Trog.
  9065 | D:10     | Noticed Urug
  9088 | D:10     | Hit by a silver javelin thrown by Urug

Illustrated notes

Levels and vault maps discovered:
D:1:      dpeg_arrival_boxorama, layout_rooms, serial_shops, shop
D:2:      layout_basic, hellmonk_ecumenical_altar_blasted, minmay_ruptured,
          uniq_crazy_yiuf_cottage
D:3:      layout_basic, kennysheep_small_spiral, minmay_ogre_servants
D:4:      lemuel_castle_with_subvaults [lemuel_castle_interior_original],
          layout_rooms, kennysheep_mini_moat, lemuel_round_altar,
          minmay_temple_entry_glass, serial_co_window_serial,
          co_window_of_opportunity_a, co_window_corner_a, co_window_paths_a,
          co_window_paths_a, co_window_paths_a, co_window_broadway_a,
          co_window_broadway_b, co_window_2corner, co_window_unsneaky_path_e,
          glass_columns_a, glass_columns_a, glass_columns_a, chequers_garden,
          minmay_misc_feat_rows, uniq_ijyb
D:5:      minmay_clustersquares, layout_loops_cross, uniq_edmund, uniq_duvessa
D:6:      layout_rooms, serial_shops, shop, shop
D:7:      layout_rooms, serial_shops, nicolae_shop_tiny_waterfront
D:8:      layout_basic, abandoned_shop
D:9:      layout_rooms, special_room [special_room_kobold], uniq_maurice
D:10:     layout_basic, mainiacjoe_overflow_small_starburst,
          mainiacjoe_overflow_catwalk_spiral, erik_lair_dragon, uniq_urug,
          uniq_erolcha
Temple:   hellmonk_temple_divided_pantheon

Skill      XL: |  1  2  3  4  5  6  7  8  9 10 11 |
---------------+----------------------------------+-----
Unarmed Combat | 4 5 6 7 8 9 12 13 | 13.0
Fighting       | 5 6 |  6.3
Invocations    | 6 |  6.3
Shields        | 2 5 |  5.0
Armour         | 5 |  5.0
Dodging        | 3 5 |  5.1

Action                     |  1- 3 |  4- 6 |  7- 9 | 10-12 || total
---------------------------+-------+-------+-------+-------++-------
  Melee: Unarmed           |    63 |   149 |   443 |   299 ||   954
  Throw: Dart              |       |       |       |     1 ||     1
 Invoke: Lesser Servant of |       |       |     1 |     3 ||     4
         Minor Destruction |       |       |     1 |     3 ||     4
  Evoke: Wand              |       |     2 |       |     1 ||     3
    Use: Scroll            |       |       |     5 |     2 ||     7
   Stab: Distracted        |       |       |       |     1 ||     1
 Armour: Robe              |    24 |       |       |       ||    24
         Leather armour    |     2 |    62 |     7 |       ||    71
         Ring mail         |       |       |   185 |    80 ||   265
         Acid dragon scale |       |       |       |    47 ||    47
  Dodge: Dodged            |    36 |    59 |   128 |    93 ||   316
  Block: Orb               |       |    24 |    45 |       ||    69
         Buckler           |       |       |   114 |   129 ||   243
         Reflection        |       |       |     2 |     6 ||     8

Table legend: (Time is in decaauts)
 A = Elapsed time spent in this place.
 B = Non-inter-level travel time spent in this place.
 C = Inter-level travel time spent in this place.
 D = Time resting spent in this place.
 E = Time spent auto-exploring this place.
 F = Levels seen in this place.
 G = Mean time per level.
                   A        B        C        D        E       F      G
               +--------+--------+--------+--------+--------+-----+--------+
         Total |   8947 |   8344 |    603 |    201 |   6378 |  11 |  813.4 |
       Dungeon |   8913 |   8318 |    595 |    201 |   6378 |  10 |  891.3 |
        Temple |     33 |     25 |      8 |      0 |      0 |   1 |   33.0 |
               +--------+--------+--------+--------+--------+-----+--------+

Top non-repeatable levels by time:
     D:5: 1640 daAuts
     D:4: 1339 daAuts
     D:2: 1211 daAuts
     D:3: 958 daAuts
     D:8: 951 daAuts
     D:9: 937 daAuts
     D:1: 616 daAuts
     D:7: 583 daAuts
     D:6: 566 daAuts
    D:10: 107 daAuts
  Temple: 33 daAuts
